 Dungeon Crawl Stone Soup version 0.18.1-50-g88ac8fd (webtiles) character file.

28 Gargoyl the Skirmisher (level 3, 29/29 HPs)
             Began as a Demonspawn Abyssal Knight on Oct 29, 2016.
             Was a Follower of Lugonu.
             Quit the game on level 1 of the Dungeon.
             The game lasted 00:01:49 (827 turns).

Gargoyl the Skirmisher (Demonspawn Abyssal Knight)   Turns: 827, Time: 00:01:50

Health: 29/29      AC:  8    Str: 13    XL:     3   Next: 0%
Magic:  5/5        EV:  6    Int: 13    God:    Lugonu [*.....]
Gold:   52         SH:  0    Dex: 12    Spells: 0 memorised, 2 levels left

rFire  . . .     SeeInvis .     a - +1 hand axe
rCold  . . .     Gourm    .     f - +0 chain mail (curse)
rNeg   . . .     Faith    .     (no shield)
rPois  .         Spirit   +     (helmet restricted)
rElec  .         Dismiss  .     (no cloak)
rCorr  .         Reflect  .     (no gloves)
SustAt .         Harm     .     (no boots)
MR     .....                    (no amulet)
Stlth  ..........               (no ring)
                                (no ring)

@: not resistant to hostile enchantments, extremely unstealthy
A: horns 1, magic shield
a: Depart the Abyss, Renounce Religion


You were on level 1 of the Dungeon.
You worshipped Lugonu.
Lugonu was aware of your devotion.
You were not hungry.

You visited 1 branch of the dungeon, and saw 1 of its levels.
You visited the Abyss 1 time.

You collected 52 gold pieces.

Inventory:

Hand Weapons
 a - a +1 hand axe (weapon)
Armour
 f - a cursed +0 chain mail (worn)
Scrolls
 d - a scroll of fog {unknown}
 e - 2 scrolls of remove curse {unknown}
 g - a scroll of enchant weapon {unknown}
 h - a scroll of random uselessness {unknown}
 j - a scroll of recharging {unknown}
 k - a scroll of fear {unknown}
 l - a scroll of identify {unknown}
Potions
 b - a potion of agility {unknown}
 i - a potion of curing {unknown}
 m - a potion of cancellation {unknown}
 n - a potion of berserk rage {unknown}
Comestibles
 c - a bread ration


   Skills:
 + Level 3.5 Fighting
 + Level 1.9 Axes
 * Level 2.1 Armour
 + Level 0.8 Dodging
 * Level 3.0 Invocations


You had 2 spell levels left.
You didn't know any spells.

Dungeon Overview and Level Annotations

Branches:
Dungeon (1/15)

Altars:


Innate Abilities, Weirdness & Mutations

You have a pair of small horns on your head.
When hurt, damage is shared between your health and your magic reserves.


Message History

The rat bites you but does no damage.
You hit the rat.
You kill the rat!
Lugonu accepts your kill.
n - a yellow potion You now have 40 gold pieces (gained 13).
You now have 52 gold pieces (gained 12).
A rat comes into view.
The rat bites you but does no damage.
You closely miss the rat. Your headbutt misses the rat.
The rat bites you but does no damage. x2
You slash the rat!
You kill the rat!
Lugonu accepts your kill.
You have reached level 3!
Your experience leads to an increase in your attributes!
Increase (S)trength, (I)ntelligence, or (D)exterity?
You feel stronger.
Your demonic ancestry asserts itself...
You feel your magical essence form a protective shroud around your flesh.
Are you sure you want to abandon this character and quit the game? (Confirm with "yes".)

##..#......#
.#..#......#
...........#
###
#.#.##.....#
#.#
#.#.##.....#
...
....########
#.# #.### ###
#.# #.# ##.##
#.#
#.####.#.###
#@#
#..........#
#.#
####.#.#.#.#
#.#
#.##.##.#####.#
#.##..........#
#.#####.#######
#.#####.#
#.......#
#########


There were no monsters in sight!

Vanquished Creatures
  A dart slug (D:1)
  A giant cockroach (D:1)
  5 goblins (D:1)
  2 hobgoblins (D:1)
  6 jackals (D:1)
  A bat (D:1)
  A giant newt (D:1)
  7 rats (D:1)
24 creatures vanquished.

Notes
Turn   | Place    | Note
--------------------------------------------------------------
     0 | Abyss:1  | Gargoyl the Demonspawn Abyssal Knight began the quest for the Orb.
     0 | Abyss:1  | Reached XP level 1. HP: 18/18 MP: 2/2
    56 | Abyss:1  | Noticed an ancient zyme
    71 | Abyss:1  | Noticed a freezing wraith
    74 | D:1      | Escaped the Abyss
   194 | D:1      | Gained mutation: You have a pair of small horns on your head. [demonic ancestry]
   194 | D:1      | Reached XP level 2. HP: 24/24 MP: 4/4
   230 | D:1      | Reached * piety under Lugonu
   826 | D:1      | Gained mutation: When hurt, damage is shared between your health and your magic reserves. [demonic ancestry]
   826 | D:1      | Reached XP level 3. HP: 29/29 MP: 5/5
   827 | D:1      | Quit the game

Skill      XL: |  1  2 |
---------------+-------+-----
Armour         | 2 |  2.1
Invocations    | 3 |  3.0
Fighting       | |  3.5
Axes           | |  1.9
Dodging        | |  0.8

Action                   || total
-------------------------++-------
Melee: Hand axe          ||    56
       Headbutt          ||     3
Invok: Depart the Abyss  ||     1
Armor: Chain mail        ||    59
Dodge: Dodged            ||    18
